 Dungeon Crawl Stone Soup version 0.23-a0-301-g9da9e51 (webtiles) character file.

321 DrChives the Covered (level 6, -5/53 HPs)
             Began as a Minotaur Fighter on Oct 8, 2018.
             Slain by Menkaure (6 damage)
             ... on level 4 of the Dungeon.
             The game lasted 00:14:20 (3059 turns).

DrChives the Covered (Minotaur Fighter)             Turns: 3059, Time: 00:14:21

Health: -5/53      AC: 10    Str: 23    XL:     6   Next: 22%
Magic:  14/14      EV:  8    Int:  7    God:
Gold:   137        SH: 16    Dex:  9    Spells: 5/5 levels left

rFire    . . .     SeeInvis .   a - +0 trident
rCold    . . .     Gourm    .   c - +2 shield
rNeg     . . .     Faith    .   b - +0 scale mail
rPois    .         Spirit   .   (helmet restricted)
rElec    .         Reflect  +   (no cloak)
rCorr    .         Harm     .   r - +0 pair of gloves
MR       .....                  (no boots)
Stlth    ..........             u - +4 amulet of reflection
HPRegen  0.17/turn              t - ring of magical power
MPRegen  0.14/turn              (no ring)

@: lethally poisoned (-5 -> -9)
A: retaliatory headbutt, horns 2, yellow scales 1, clever 1
a: no special abilities


You were on level 4 of the Dungeon.
You were hungry.

You visited 1 branch of the dungeon, and saw 4 of its levels.
You also visited: Sewer.

You collected 137 gold pieces.

Inventory:

Hand Weapons
 a - a +0 trident (weapon)
Armour
 b - a +0 scale mail (worn)
 c - a +2 shield (worn)
 r - a +0 pair of gloves (worn)
Jewellery
 h - a +3 ring of evasion {unknown}
 t - a ring of magical power (left hand)
 u - a +4 amulet of reflection (around neck)
Scrolls
 e - 2 scrolls of teleportation
 i - 4 scrolls of remove curse
 k - 2 scrolls of amnesia
 l - a scroll of immolation
 m - 2 scrolls of identify
 o - a scroll of fog
Potions
 d - a potion of might
 g - a potion of lignification
 n - 3 potions of brilliance
 p - 4 potions of agility
 s - 4 potions of curing
 v - 3 potions of heal wounds
 w - 2 potions of flight {unknown}
Comestibles
 f - 3 rations


   Skills:
 + Level 4.5 Fighting
 + Level 4.5 Polearms
 + Level 5.3 Armour
 + Level 1.6 Dodging
 + Level 5.2 Shields


You had 5 spell levels left.
You didn't know any spells.
Your spell library contained the following spells:

 Spells                   Type           Power        Failure   Level  Hunger
 Magic Dart               Conj           #...         98%         1    ##.....
 Blink                    Tloc           N/A          99%         2    ###....
 Call Imp                 Summ           #.......     99%         2    ###....
 Slow                     Hex            #.......     99%         2    ###....
 Conjure Flame            Conj/Fire      #.......     100%        3    ####...
 Mephitic Cloud           Conj/Pois/Air  #.......     100%        3    ####...


Dungeon Overview and Level Annotations

Branches:
Dungeon (4/15)
 Temple: D:4-7

Altars:
Dithmenos

Annotations:
D:4 Menkaure


Innate Abilities, Weirdness & Mutations

You reflexively headbutt those who attack you in melee.
You have a pair of horns on your head.
You are partially covered in yellow scales. (AC +2)
Your mind is acute. (Int +2)


Message History

You closely miss the orc priest.
You feel sick.
The orc priest invokes the aid of Beogh against you.
Pain shoots through your body! The orc hits you but does no damage.
You block the orc's attack.
The orc priest calls down the wrath of Beogh upon you.
Beogh smites you!
* * * LOW HITPOINT WARNING * * *
You hit the orc priest. You headbutt the orc priest!
The orc priest is severely wounded.
* * * LOW HITPOINT WARNING * * *
You feel sick. You block the orc's attack. The orc priest closely misses you.
You puncture the orc priest!
You kill the orc priest!
You block the orc's attack.
* * * LOW HITPOINT WARNING * * *
You feel sick.
You puncture Menkaure!
Menkaure is heavily damaged.
You block Menkaure's attack. The orc barely misses you. Menkaure hits you.
You die...

#### ..# #######
#?# ##......
####.######...##
#@Mo...........#
#....oo.######...##
#.##.##.# ##.## #
......# #.#
#.#..##.# #.# #
#.###.# ##'## .[
..# ##...## ##. ###
##.....##
##.......##


You could see Menkaure, an orc wizard and 2 orcs.

Vanquished Creatures
  A big kobold (Sewer)
  An orc priest (D:4)
  3 adders (D:2)
  8 river rats (Sewer)
  An ooze (D:3)
  2 worms
  6 dart slugs
  2 leopard geckos (D:3)
  4 orcs
  6 giant cockroaches
  6 goblins
  5 hobgoblins
  8 jackals (D:2)
  18 kobolds
  7 ball pythons
  8 bats
  4 frilled lizards
  22 rats
112 creatures vanquished.

Notes
Turn   | Place    | Note
-------+----------+-------------------------------------------
     0 | D:1      | DrChives the Minotaur Fighter began the quest for the Orb.
     0 | D:1      | Reached XP level 1. HP: 19/19 MP: 0/0
   230 | D:1      | Reached XP level 2. HP: 27/27 MP: 1/1
   741 | D:1      | Reached XP level 3. HP: 33/33 MP: 2/2
  1072 | D:2      | Found a shadowy altar of Dithmenos.
  1554 | D:2      | Reached XP level 4. HP: 34/40 MP: 3/3
  1904 | D:3      | Found a glowing drain.
  1959 | Sewer    | Entered a sewer
  2000 | Sewer    | Reached skill level 1 in Dodging
  2112 | Sewer    | Reached XP level 5. HP: 36/46 MP: 4/4
  2200 | Sewer    | HP: 2/46 [big kobold (6)]
  2206 | Sewer    | Reached skill level 5 in Armour
  2263 | Sewer    | Gained mutation: Your mind is acute. (Int +2) [potion of
                  | mutation]
  2263 | Sewer    | Gained mutation: You are partially covered in yellow
                  | scales. (AC +2) [potion of mutation]
  2332 | Sewer    | Reached skill level 5 in Shields
  2434 | Sewer    | Reached XP level 6. HP: 48/53 MP: 5/5
  3053 | D:4      | Noticed Menkaure
  3055 | D:4      | HP: 2/53 [orc priest/divine providence (14)]
  3059 | D:4      | Slain by Menkaure

Vault maps used:
D:1:      lemuel_arrival_hallway
D:2:      lemuel_coloured_pillars_altar, first_ration, kennysheep_generic_room_7
D:3:      portal_sewer_entry_c, minmay_checkerbox
D:4:      minmay_temple_entry_poolview, serial_shops, nicolae_shop_crystal,
          uniq_menkaure
Sewer:    sewer_minmay_treatment

Skill      XL: |  1  2  3  4  5 |
---------------+----------------+-----
Armour         | 4 5 |  5.3
Fighting       | 4 |  4.5
Shields        | 4 5 |  5.2
Polearms       | 3 4 |  4.5
Dodging        | 1 |  1.6

Action                   |  1- 3 |  4- 6 || total
-------------------------+-------+-------++-------
Melee: Trident           |    81 |   204 ||   285
       Headbutt          |    15 |    22 ||    37
  Use: Scroll            |     4 |     7 ||    11
       Potion            |       |     7 ||     7
  Eat: Ration            |     1 |     1 ||     2
Armor: Scale mail        |    52 |   103 ||   155
Dodge: Dodged            |    26 |    76 ||   102
Block: Shield            |    71 |   245 ||   316
       Reflection        |       |     4 ||     4

Table legend:
 A = Non-vault XP
 B = Vault XP
 C = Vault XP percentage of total XP
 D = Non-vault monster count
 E = Vault monster count
 F = Vault count percentage of total count
                 A         B        C        D         E       F
            +---------+---------+-------+---------+---------+-------
      Total |     189 |     270 |  58.8 |      54 |      58 |  51.8
            +---------+---------+-------+---------+---------+-------
        D:1 |      41 |       0 |   0.0 |      18 |       0 |   0.0
        D:2 |      76 |       2 |   2.6 |      21 |       1 |   4.5
        D:3 |      28 |      20 |  41.7 |      13 |       9 |  40.9
        D:4 |      44 |       0 |   0.0 |       2 |       0 |   0.0
      Sewer |       0 |     248 | 100.0 |       0 |      48 | 100.0
            +---------+---------+-------+---------+---------+-------
